[Event "Titled Tuesday Blitz April 4 Late 2023"]
[White "reevecanada"]
[Black "TimGrutter03"]
[WhiteElo "2463"]
[BlackElo "2590"]
[Result "0-1"]
[Round "11"]
[TimeControl "180+2"]
[Date "2023.04.04"]
[WhiteClock "0:00:32"]
[BlackClock "0:00:08"]

1. e4 g6 2. d4 Bg7 3. Nc3 d6 4. Bd3 c6 5. Nge2 Nf6 6. f3 O-O 7. Be3 e5 8. Qd2 exd4 9. Nxd4 d5 10. O-O-O c5 11. exd5 cxd4 12. Bxd4 Nxd5 13. Bxg7 Kxg7 14. Be4 Nxc3 15. Qxd8 Rxd8 16. Rxd8 Nxe4 17. Rxc8 Nd6 18. Rd8 Nc4 19. Re1 Na5 20. Ree8 Nac6 21. Rc8 a5 22. Rc7 Ra7 23. c3 Na6 24. Rcc8 Nc5 25. Rg8+ Kf6 26. Rh8 h5 27. Rhe8 Ne6 28. g3 Ne7 29. Rb8 Nc6 30. Rbc8 Ne7 31. Rc4 b5 32. Re4 Rb7 33. g4 hxg4 34. fxg4 g5 35. b4 a4 36. c4 bxc4 37. Rxc4 Nd5 38. a3 Ne3 39. Re4 Rc7+ 40. Kb2 Nc4+ 41. Ka2 Nd6 42. R4xe6+ fxe6 43. Rf8+ Kg7 44. Rf2 Ne4 45. Rb2 Rc1 46. Rg2 Kf6 47. b5 Rc5 48. Kb2 Rxb5+ 49. Kc2 Ke5 50. Kd3 Rb3+ 51. Kc4 Rxa3 52. Kb4 Ra1 53. Re2 a3 54. Kb3 a2 55. Kb2 Rb1+ 56. Kxa2 Rg1 57. Kb3 Kf4 58. Kc4 Rxg4 59. Kb5 Nc3+ 60. Kc6 Nxe2 61. Kd7 Rh4 62. Kxe6 Rxh2 63. Kf6 g4 64. Kf7 g3 65. Kg7 g2 66. Kf8 g1=Q 0-1


[Site "https://www.chess.com"]

[Event "Titled Tuesday Blitz April 4 Late 2023"]
[White "Fiorito, Francisco"]
[Black "marik_spb"]
[WhiteFideId "180165"]
[WhiteElo "2341"]
[BlackElo "2441"]
[Result "1-0"]
[Round "11"]
[TimeControl "180+2"]
[Date "2023.04.04"]
[WhiteClock "0:01:46"]
[BlackClock "0:00:13"]

1. d4 Nf6 2. Bf4 d5 3. e3 e6 4. Nf3 Bd6 5. Bg3 O-O 6. c3 b6 7. Nbd2 c5 8. Bd3 Ba6 9. Bxa6 Nxa6 10. Qe2 Nc7 11. O-O Rc8 12. Rad1 Bxg3 13. hxg3 Qe7 14. Ne5 Rfd8 15. Rfe1 Qe8 16. g4 Qb5 17. g5 Qxe2 18. Rxe2 Nd7 19. Nc6 Re8 20. a3 Nb5 21. Ne5 Nxe5 22. dxe5 a5 23. Nf3 Red8 24. Red2 Re8 25. g3 Kf8 26. Kg2 Na7 27. Rh1 Kg8 28. Rh4 Rc7 29. Rd1 f6 30. Rdh1 fxe5 31. Rxh7 Nc6 32. g6 Kf8 33. Ng5 e4 34. Rh8+ Ke7 35. Rxe8+ Kxe8 36. Nxe6 Re7 37. Rh8+ Kd7 38. Nxg7 Rxg7 39. Rh7 Ne5 40. Rxg7+ Ke6 41. Rb7 Nxg6 42. Rxb6+ Kf5 43. g4+ Kg5 44. Rd6 Nh4+ 45. Kg3 Nf3 46. Rxd5+ Kf6 47. Kf4 1-0


[Site "https://www.chess.com"]

[Event "Titled Tuesday Blitz April 4 Late 2023"]
[White "Han, Yichen"]
[Black "Smith, Garrett L"]
[WhiteFideId "1054430"]
[BlackFideId "2024829"]
[WhiteElo "2342"]
[BlackElo "2351"]
[Result "1-0"]
[Round "11"]
[TimeControl "180+2"]
[Date "2023.04.04"]
[WhiteClock "0:00:17"]
[BlackClock "0:00:14"]

1. e4 c5 2. Nc3 Nc6 3. Bb5 Nd4 4. Nf3 e6 5. Ba4 g6 6. O-O Bg7 7. Nxd4 cxd4 8. Ne2 Ne7 9. d3 Nc6 10. f4 d6 11. Qe1 O-O 12. Qf2 Qb6 13. b3 f5 14. Bxc6 bxc6 15. Bb2 c5 16. Ng3 Bb7 17. Rae1 a5 18. Qe2 a4 19. h4 axb3 20. axb3 Ra2 21. Rb1 Qc6 22. h5 Bh6 23. exf5 exf5 24. Qe6+ Rf7 25. Rf3 Qd7 26. Qxd7 Rxd7 27. Rf2 Re7 28. b4 Re3 29. Nf1 Re7 30. hxg6 hxg6 31. Nd2 Bd5 32. b5 Rb7 33. c4 dxc3 34. Bxc3 Rc2 35. Ba1 Ba2 36. Re1 Kf7 37. Ne4 Rxf2 38. Nxd6+ Kf8 39. Re8# 1-0


[Site "https://www.chess.com"]

[Event "Titled Tuesday Blitz April 4 Late 2023"]
[White "Francisco Guecamburu, Candela Be"]
[Black "Fernandez Sanchez, Mario Andres"]
[WhiteFideId "160911"]
[BlackFideId "6501621"]
[WhiteElo "2326"]
[BlackElo "2050"]
[Result "0-1"]
[Round "11"]
[TimeControl "180+2"]
[Date "2023.04.04"]
[WhiteClock "0:00:03"]
[BlackClock "0:00:26"]

1. e4 c5 2. Nf3 Nc6 3. Bb5 g6 4. Bxc6 dxc6 5. d3 Bg7 6. h3 e5 7. Nc3 Qe7 8. Be3 Nf6 9. Qd2 O-O 10. Bh6 Ne8 11. O-O-O Bxh6 12. Qxh6 f6 13. g4 Ng7 14. Qe3 Ne6 15. Kb1 Nd4 16. Rhg1 b5 17. Ne2 Be6 18. Nc1 a5 19. c3 Nxf3 20. Qxf3 a4 21. Qe3 g5 22. h4 h6 23. f3 Kg7 24. Rh1 Rh8 25. d4 cxd4 26. cxd4 Rad8 27. hxg5 hxg5 28. Rxh8 Kxh8 29. Rh1+ Kg7 30. Ne2 Rh8 31. Rxh8 Kxh8 32. dxe5 fxe5 33. Qd2 Kg7 34. Ng3 Kf6 35. Qh2 Qf7 36. Qh6+ Qg6 37. Nh5+ Kf7 38. Qh8 Bxg4 39. Ng3 Bxf3 40. Qxe5 g4 41. Nf5 Qf6 42. Nd6+ Kg6 43. Qe8+ Kg5 44. Nf7+ Kf4 45. Qb8+ Kxe4 46. Nd6+ Kd3 47. Ne8 Qg6 48. Qd8+ Bd5 49. Kc1 Qe4 0-1


[Site "https://www.chess.com"]

[Event "Titled Tuesday Blitz April 4 Late 2023"]
[White "Krasteva, Beloslava"]
[Black "Korkmaz, Necmettin"]
[WhiteFideId "2922029"]
[BlackFideId "6303285"]
[WhiteElo "2187"]
[BlackElo "2097"]
[Result "0-1"]
[Round "11"]
[TimeControl "180+2"]
[Date "2023.04.04"]
[WhiteClock "0:00:02"]
[BlackClock "0:01:26"]

1. d4 d5 2. Nf3 Nf6 3. Bf4 c5 4. e3 Nc6 5. Nbd2 Qb6 6. dxc5 Qxb2 7. Rb1 Qc3 8. Bb5 g6 9. O-O Bg7 10. Be5 Qxc5 11. c4 dxc4 12. Nxc4 O-O 13. Bxc6 Qxc6 14. Na5 Qa6 15. Qd2 Bf5 16. Rxb7 Rfd8 17. Qb4 Nd5 18. Qb5 Qxb5 19. Rxb5 Bd3 20. Rbb1 Bxf1 21. Kxf1 f6 22. Bd4 e5 23. Bc5 Rac8 24. Nb7 Rd7 25. e4 Nc3 26. Rb3 Nxe4 27. Bxa7 Rcc7 28. Bb8 Rxb7 0-1


[Site "https://www.chess.com"]

[Event "Titled Tuesday Blitz April 4 Late 2023"]
[White "Mei, Austin"]
[Black "Averjanov, Alexey"]
[WhiteFideId "30948479"]
[BlackFideId "14109867"]
[WhiteElo "2125"]
[BlackElo "2623"]
[Result "1-0"]
[Round "11"]
[TimeControl "180+2"]
[Date "2023.04.04"]
[WhiteClock "0:00:08"]
[BlackClock "0:00:48"]

1. e4 c6 2. d4 d5 3. f3 dxe4 4. fxe4 e5 5. Nf3 Bg4 6. c3 Nd7 7. Bd3 Bd6 8. O-O Ngf6 9. Nbd2 Qc7 10. Qe1 O-O 11. h3 Bh5 12. Nc4 Rfe8 13. Qh4 b5 14. Ncxe5 Bxe5 15. Nxe5 Nxe5 16. dxe5 Qxe5 17. Bg5 Rad8 18. Rf5 Qd6 19. Bc2 Bg6 20. Rd1 Qc7 21. Rxd8 Qxd8 22. Bxf6 gxf6 23. Rxf6 Qd2 24. Bb3 Qxb2 25. Qf4 Re7 26. e5 Qxc3 27. e6 Qc5+ 28. Kh2 fxe6 29. Rf8+ Kg7 30. Qf6+ Kh6 31. Qh4+ Kg7 32. Qf6+ Kh6 33. Qh4+ Bh5 34. Rf6+ Kg7 35. Rf4 Rf7 36. Qg3+ Bg6 37. Bxe6 Rxf4 38. Qxf4 a5 39. Qc7+ Kh6 40. Bg4 a4 41. Bf3 b4 42. Qf4+ Qg5 43. Qxb4 Qe5+ 44. Kg1 Qa1+ 45. Kh2 Qe5+ 46. Kg1 Bc2 47. Qd2+ Kg7 48. Qxc2 Qd4+ 49. Kh2 Qe5+ 50. Kg1 Qd4+ 51. Qf2 Qa1+ 52. Kh2 a3 53. Bxc6 Qc1 54. Bd5 Qc7+ 55. Qg3+ 1-0


[Site "https://www.chess.com"]

[Event "Titled Tuesday Blitz April 4 Late 2023"]
[White "Papayan, Oleg"]
[Black "Vlassov, Nikolai"]
[WhiteFideId "4193911"]
[BlackFideId "4103360"]
[WhiteElo "2153"]
[BlackElo "2324"]
[Result "0-1"]
[Round "11"]
[TimeControl "180+2"]
[Date "2023.04.04"]
[WhiteClock "0:00:25"]
[BlackClock "0:02:15"]

1. e4 Nc6 2. Nf3 d5 3. exd5 Qxd5 4. Nc3 Qa5 5. Bb5 Bd7 6. O-O a6 7. Bxc6 Bxc6 8. Qe2 Qh5 9. Ne4 Nf6 10. Nxf6+ gxf6 11. Nd4 Qxe2 12. Nxe2 O-O-O 13. d3 e5 14. Ng3 Rg8 15. Be3 f5 16. f4 h5 17. Rf2 exf4 18. Rxf4 Bh6 19. Raf1 h4 20. Rxh4 Bxe3+ 21. Kh1 f4 0-1


[Site "https://www.chess.com"]

[Event "Titled Tuesday Blitz April 4 Late 2023"]
[White "Goroshkov, Maksym"]
[Black "Moral Garcia, Serafin"]
[WhiteFideId "14142716"]
[BlackFideId "2201925"]
[WhiteElo "2322"]
[BlackElo "2274"]
[Result "0-1"]
[Round "11"]
[TimeControl "180+2"]
[Date "2023.04.04"]
[WhiteClock "0:00:41"]
[BlackClock "0:00:18"]

1. e4 c5 2. d4 cxd4 3. c3 Nf6 4. e5 Nd5 5. Bc4 e6 6. cxd4 d6 7. Nf3 Nc6 8. O-O Be7 9. Nc3 Nxc3 10. bxc3 dxe5 11. dxe5 Qxd1 12. Rxd1 Bd7 13. Bf4 Rc8 14. Bb3 Na5 15. Rac1 Bb5 16. Nd4 Bd7 17. h3 Ba3 18. Rb1 Rxc3 19. Bd2 Rc5 20. Rdc1 Bxc1 21. Bxc1 Nxb3 22. Nxb3 Rxe5 23. Ba3 Re2 24. Nc1 Re1+ 25. Kh2 Bc6 26. Rb3 Rd1 27. Nd3 f6 28. Nc5 Bd5 29. Re3 Kf7 30. f4 b6 31. Na6 Rc8 32. Nb4 a5 33. Nxd5 Rxd5 34. Rb3 b5 35. h4 b4 36. Bb2 Rc2 37. a3 Rdd2 38. Ba1 Rxg2+ 39. Kh3 Rgd2 40. axb4 axb4 41. Rxb4 Rd3+ 42. Kg4 Rg2+ 43. Kh5 Rd5+ 44. Be5 fxe5 45. Rb7+ Kf6 46. f5 g6+ 47. Kh6 exf5 48. h5 gxh5 49. Rb6+ Ke7 50. Rb7+ Ke6 51. Rb6+ Rd6 52. Rb7 e4 53. Kxh5 Ke5 54. Re7+ Kd4 55. Rf7 Rd5 56. Kh4 e3 57. Kh3 Rg6 58. Re7 Re5 59. Rd7+ Ke4 60. Rd1 f4 61. Ra1 Rh5# 0-1


[Site "https://www.chess.com"]

[Event "Titled Tuesday Blitz April 4 Late 2023"]
[White "liwadas82"]
[Black "Kavutskiy, Konstantin"]
[BlackFideId "2026384"]
[WhiteElo "2479"]
[BlackElo "2323"]
[Result "0-1"]
[Round "11"]
[TimeControl "180+2"]
[Date "2023.04.04"]
[WhiteClock "0:00:01"]
[BlackClock "0:00:21"]

1. e4 Nc6 2. d4 d6 3. d5 Nb8 4. c4 g6 5. Nc3 Bg7 6. Nf3 Nf6 7. Be2 O-O 8. O-O Bg4 9. h3 Bxf3 10. Bxf3 Nbd7 11. Be3 c6 12. Rc1 a6 13. b4 Qc7 14. dxc6 bxc6 15. a4 Rfc8 16. c5 dxc5 17. bxc5 a5 18. Qc2 Ne5 19. Be2 Rab8 20. f4 Ned7 21. e5 Ne8 22. e6 fxe6 23. Bc4 Nf8 24. f5 Qe5 25. Bf4 Qxc5+ 26. Kh1 Qxc4 27. Bxb8 Rxb8 28. fxe6 Bxc3 29. Qxc3 Qxc3 30. Rxc3 Nxe6 31. Rxc6 Nd6 32. Ra6 Nc5 33. Rxa5 Nde4 34. Re1 Rb4 35. Kh2 Kf7 36. Rf1+ Ke6 37. Rc1 Nxa4 38. Rc6+ Nd6 39. Ra8 Nb6 40. Rh8 h5 41. Rc1 Nd5 42. Re1+ Kf6 43. Rf8+ Kg7 44. Rd8 Kf7 45. Rd7 Rf4 46. Re5 Rf5 47. Re1 Kf6 48. g4 hxg4 49. hxg4 Re5 50. Rf1+ Ke6 51. Rd8 Nf6 52. g5 Nh5 53. Rg8 Rxg5 54. Rg1 Rxg1 55. Kxg1 Kf5 56. Ra8 Nf6 57. Ra5+ e5 58. Kf2 Nde4+ 59. Kf3 g5 60. Ra6 g4+ 61. Kg2 Kf4 62. Ra8 Nd6 63. Rf8 Kg5 64. Rd8 Nf5 65. Rf8 e4 66. Ra8 Nd5 67. Ra5 Nf4+ 68. Kf1 e3 69. Re5 g3 70. Re8 Kg4 71. Kg1 Kf3 72. Rf8 e2 73. Re8 Ne3 74. Rxe3+ Kxe3 75. Kh1 e1=Q# 0-1


[Site "https://www.chess.com"]

[Event "Titled Tuesday Blitz April 4 Late 2023"]
[White "Di Berardino, Diego Rafael"]
[Black "Dudzinski, Pawel"]
[WhiteFideId "2105446"]
[BlackFideId "1117890"]
[WhiteElo "2432"]
[BlackElo "2099"]
[Result "1-0"]
[Round "11"]
[TimeControl "180+2"]
[Date "2023.04.04"]
[WhiteClock "0:00:22"]
[BlackClock "0:00:01"]

1. e4 c6 2. d4 d5 3. exd5 cxd5 4. c4 Nf6 5. Nc3 Nc6 6. Bg5 e6 7. Nf3 Be7 8. c5 Ne4 9. Bxe7 Qxe7 10. Bd3 Nxc3 11. bxc3 O-O 12. O-O e5 13. Re1 e4 14. c4 Bg4 15. cxd5 Bxf3 16. gxf3 Qg5+ 17. Kh1 exd3 18. dxc6 bxc6 19. Qxd3 Rad8 20. Qe4 Rd5 21. Rab1 Qf6 22. Rb4 g6 23. Ra4 Rfd8 24. Ra6 Rxd4 25. Qxc6 Qf5 26. Rxa7 Rd1 27. Re7 Rxe1+ 28. Rxe1 Rc8 29. Re8+ Rxe8 30. Qxe8+ Kg7 31. Qe3 Qb1+ 32. Kg2 Qxa2 33. Qe5+ Kh6 34. c6 1-0


[Site "https://www.chess.com"]

[Event "Titled Tuesday Blitz April 4 Late 2023"]
[White "Romanchuk, Viktor"]
[Black "Liu, Casper"]
[WhiteFideId "14109271"]
[BlackFideId "1454153"]
[WhiteElo "2242"]
[BlackElo "2221"]
[Result "1/2-1/2"]
[Round "11"]
[TimeControl "180+2"]
[Date "2023.04.04"]
[WhiteClock "0:00:12"]
[BlackClock "0:00:35"]

1. d4 Nf6 2. c4 g6 3. Nc3 d5 4. Nf3 Bg7 5. Bf4 O-O 6. Rc1 Na6 7. e3 c5 8. dxc5 dxc4 9. Qxd8 Rxd8 10. c6 Nc5 11. Bxc4 bxc6 12. Ke2 Be6 13. Bxe6 Nxe6 14. Be5 c5 15. Rhd1 c4 16. Rxd8+ Rxd8 17. Nd2 Ne4 18. Ncxe4 Bxe5 19. Nxc4 Bg7 20. h3 f5 21. Ned2 Nc5 22. b3 Nd3 23. Rb1 e5 24. Nf3 e4 25. Ne1 Nb4 26. a3 Na2 27. Kf1 Kf7 28. Nc2 Rd3 29. Nb4 Nxb4 30. axb4 a6 31. Ke2 Bc3 32. Rd1 Rxd1 33. Kxd1 Bxb4 34. Ke2 Ke7 35. f3 Ke6 36. fxe4 fxe4 37. Nd2 Kd5 38. Nc4 h5 39. Kd1 Bc5 40. Kd2 g5 41. g4 hxg4 42. hxg4 Bb4+ 43. Kc2 Kc5 44. Ne5 Kd5 45. Nf7 Be7 46. Kc3 a5 47. Kc2 Bf6 48. Nh6 Be7 49. Nf5 Bc5 50. Kd2 Bb4+ 51. Kc2 Bc5 52. Kd2 Bb4+ 53. Kc2 Bf8 54. Ng3 Bc5 55. Nf5 Bb4 56. Kd1 Bc3 57. Kc2 Be5 58. Nh6 Bf6 59. Nf5 Be5 60. Ne7+ Kc5 61. Nf5 Kd5 1/2-1/2


[Site "https://www.chess.com"]

[Event "Titled Tuesday Blitz April 4 Late 2023"]
[White "Janaszak, Dawid"]
[Black "Melikhov, Evgeny V."]
[WhiteFideId "1119206"]
[BlackFideId "4122046"]
[WhiteElo "2220"]
[BlackElo "2158"]
[Result "1-0"]
[Round "11"]
[TimeControl "180+2"]
[Date "2023.04.04"]
[WhiteClock "0:01:00"]
[BlackClock "0:00:08"]

1. e4 e5 2. Nf3 Nc6 3. d4 exd4 4. c3 d3 5. Bxd3 d6 6. O-O Nf6 7. Re1 Be7 8. h3 O-O 9. c4 Ne5 10. Bf1 Nxf3+ 11. Qxf3 Nd7 12. Nc3 Bf6 13. Nd5 Be5 14. Rb1 c6 15. Ne3 g6 16. b3 Bg7 17. Rd1 Ne5 18. Qg3 Qe7 19. Ba3 Rd8 20. f4 Nd7 21. e5 Nc5 22. exd6 Rxd6 23. Bxc5 Rxd1 24. Bxe7 Rxb1 25. f5 Bd4 26. Qf4 c5 27. fxg6 hxg6 28. Bf6 Bxf6 29. Qxf6 Be6 30. Nd5 Bxd5 31. cxd5 Re8 32. Kh2 Ree1 33. Bc4 Rh1+ 34. Kg3 b5 35. d6 bxc4 36. d7 Rhd1 37. d8=Q+ Rxd8 38. Qxd8+ Kg7 39. bxc4 Rb2 40. Qa5 1-0


[Site "https://www.chess.com"]

[Event "Titled Tuesday Blitz April 4 Late 2023"]
[White "Celestino, Rafael Teixeira"]
[Black "Bruedigam, Martin"]
[WhiteFideId "2108925"]
[BlackFideId "24608033"]
[WhiteElo "2409"]
[BlackElo "2331"]
[Result "0-1"]
[Round "11"]
[TimeControl "180+2"]
[Date "2023.04.04"]
[WhiteClock "0:00:04"]
[BlackClock "0:00:34"]

1. e4 c6 2. Nf3 d5 3. Nc3 Bg4 4. h3 Bxf3 5. Qxf3 e6 6. d4 Nf6 7. e5 Nfd7 8. h4 c5 9. Be3 Nc6 10. Bb5 a6 11. Bxc6 bxc6 12. dxc5 Nxe5 13. Qg3 Nc4 14. O-O Nxb2 15. Rab1 Nc4 16. Rb7 Na5 17. Rb6 Be7 18. Qxg7 Bf6 19. Qh6 Bxc3 20. Bg5 Qc7 21. Rfb1 Rg8 22. Bf4 e5 23. Qxh7 O-O-O 24. Bg5 f6 25. Qd3 Nc4 26. Bxf6 Nxb6 27. Bxd8 Qg7 28. Bg5 e4 29. Qxa6+ Qb7 30. Qa3 Nc4 31. Qc1 Bb2 32. Qf4 Qd7 33. a3 Qe6 34. g3 Kb7 35. c3 Ka7 36. a4 Rb8 37. Qc7+ Rb7 38. Qd8 Qd7 39. Qg8 Bxc3 40. Rc1 Bd4 41. Qg6 Rb2 42. Rf1 Ne5 43. Qh6 Bxf2+ 44. Kh1 Qh3# 0-1


[Site "https://www.chess.com"]

[Event "Titled Tuesday Blitz April 4 Late 2023"]
[White "koncheto"]
[Black "Skaric, Djuro"]
[BlackFideId "934569"]
[WhiteElo "2538"]
[BlackElo "2282"]
[Result "0-1"]
[Round "11"]
[TimeControl "180+2"]
[Date "2023.04.04"]
[WhiteClock "0:00:40"]
[BlackClock "0:00:46"]

1. e4 d6 2. d4 g6 3. Bd3 Bg7 4. c3 Nf6 5. f4 O-O 6. Nf3 Nc6 7. e5 Ng4 8. O-O f5 9. Qe2 e6 10. exd6 cxd6 11. Be3 h6 12. Nbd2 Kh7 13. Rae1 Bd7 14. Bf2 Qc7 15. b3 Rae8 16. Bh4 e5 17. fxe5 dxe5 18. d5 e4 19. dxc6 exf3 20. Qxf3 Bxc6 21. Qg3 Qxg3 22. Bxg3 Rd8 23. h3 Rxd3 24. Bf4 Nf6 25. Nc4 Ne4 26. Ne5 Rxc3 27. Rd1 Rc2 28. Nxc6 Rxc6 29. Rd7 Nc5 30. Re7 Re6 31. Rc7 g5 32. Bh2 Kg6 33. Kh1 Ne4 34. Rxb7 Bd4 35. Bb8 f4 36. Kh2 Ra6 37. Rd1 Bb6 38. Re7 Ng3 39. Rd6+ Kh5 40. Rh7 Nf5 41. Rd5 Kg6 42. Rb7 Rxa2 43. h4 Rxg2+ 44. Kxg2 Ne3+ 45. Kf3 Nxd5 46. Be5 Kf5 47. Bd6 g4+ 48. Kg2 Rf6 49. Bb8 f3+ 50. Kg3 Ne3 51. Bxa7 Nf1# 0-1


[Site "https://www.chess.com"]

[Event "Titled Tuesday Blitz April 4 Late 2023"]
[White "Kim, Sergey"]
[Black "Weisz, Bryan"]
[WhiteFideId "13700570"]
[BlackFideId "30934133"]
[WhiteElo "2523"]
[BlackElo "2375"]
[Result "1-0"]
[Round "11"]
[TimeControl "180+2"]
[Date "2023.04.04"]
[WhiteClock "0:02:15"]
[BlackClock "0:02:05"]

1. d4 Nf6 2. c4 e5 3. d5 Bc5 4. Nc3 d6 5. e3 O-O 6. Bd3 c6 7. Nge2 Nbd7 8. O-O cxd5 9. cxd5 a6 10. Ng3 b5 11. a3 Bb7 12. e4 Nb6 13. Nf5 Qd7 14. Qf3 Nc4 15. Bxc4 b4 16. axb4 1-0


[Site "https://www.chess.com"]

[Event "Titled Tuesday Blitz April 4 Late 2023"]
[White "Romero Ruscalleda, Josep"]
[Black "Fonseca Manrique, Enrique"]
[WhiteFideId "2231859"]
[BlackFideId "5114330"]
[WhiteElo "2183"]
[BlackElo "2517"]
[Result "1/2-1/2"]
[Round "11"]
[TimeControl "180+2"]
[Date "2023.04.04"]
[WhiteClock "0:00:02"]
[BlackClock "0:00:23"]

1. e4 c5 2. c3 d5 3. exd5 Qxd5 4. Nf3 Nf6 5. d4 Bg4 6. dxc5 Qxd1+ 7. Kxd1 e6 8. b4 Nbd7 9. Be2 g6 10. Nbd2 Bg7 11. Nc4 O-O 12. h3 Bf5 13. Nd6 Nd5 14. Nxf5 Nxc3+ 15. Ke1 exf5 16. Bb2 Rfe8 17. Ng1 Rxe2+ 18. Nxe2 Re8 19. Kf1 Nxe2 20. Bxg7 Kxg7 21. Re1 Re4 22. Rxe2 Rxb4 23. g3 Nxc5 24. Kg2 Ne4 25. Rc1 h5 26. Rc7 h4 27. gxh4 a5 28. h5 gxh5 29. f3 Ng5 30. Rc5 Ne6 31. Rxa5 Nf4+ 32. Kf2 Nxe2 33. Kxe2 Rb2+ 34. Ke3 Kg6 35. Kf4 Rb4+ 36. Kg3 h4+ 37. Kf2 f4 38. Ke2 Rb2+ 39. Kd3 Rh2 40. Ke4 Rxh3 41. Kxf4 Rh2 42. Kg4 Rh1 43. Rb5 h3 44. Kg3 h2 45. Kg2 Ra1 46. Kxh2 Rxa2+ 47. Kg3 Ra7 48. Kf4 Kf6 49. Rb6+ Ke7 50. Kg5 Ra5+ 51. Kg4 Ra7 52. Kf5 Kd7 53. Kf6 Kc7 54. Rb4 Ra3 55. f4 Rf3 56. Kxf7 Kc6 57. Ke6 b5 58. f5 Kc5 59. Rb1 b4 60. f6 Kc4 61. f7 b3 62. Ke7 Kc3 63. Rc1+ Kd2 64. Rc8 b2 65. Rb8 Kc2 66. f8=Q Rxf8 67. Kxf8 b1=Q 68. Rxb1 Kxb1 1/2-1/2


[Site "https://www.chess.com"]

[Event "Titled Tuesday Blitz April 4 Late 2023"]
[White "lolliNOPE"]
[Black "Gubajdullin, Alexei"]
[BlackFideId "4141202"]
[WhiteElo "2179"]
[BlackElo "2279"]
[Result "1-0"]
[Round "11"]
[TimeControl "180+2"]
[Date "2023.04.04"]
[WhiteClock "0:01:14"]
[BlackClock "0:01:51"]

1. e4 e5 2. Nc3 Nf6 3. f4 Nc6 4. fxe5 Nxe5 5. Nf3 d6 6. d4 Nxf3+ 7. gxf3 Nh5 8. Be3 Be7 9. Qd2 Bh4+ 10. Bf2 Bxf2+ 11. Qxf2 c6 12. O-O-O Qf6 13. Kb1 O-O 14. Rg1 Nf4 15. Qg3 g6 16. h4 Be6 17. d5 Bxd5 18. exd5 Nh5 19. Qg5 Qxf3 20. Be2 Qf4 21. Bxh5 Qxg5 22. Rxg5 c5 23. Bf3 Rfe8 24. Rgg1 Re3 25. Bh1 a6 26. h5 Rae8 27. hxg6 hxg6 28. Ne4 R3xe4 29. Bxe4 Rxe4 30. Rde1 Rd4 31. Re7 Rxd5 32. Rxb7 Kg7 33. Rf1 g5 34. Rbxf7+ Kg6 35. R7f6+ Kh5 36. R6f5 Kg4 37. Rxd5 1-0


[Site "https://www.chess.com"]

[Event "Titled Tuesday Blitz April 4 Late 2023"]
[White "Bacallao Alonso, Yusnel"]
[Black "feuervogel1000000"]
[WhiteFideId "3507416"]
[WhiteElo "2561"]
[BlackElo "2302"]
[Result "1-0"]
[Round "11"]
[TimeControl "180+2"]
[Date "2023.04.04"]
[WhiteClock "0:01:03"]
[BlackClock "0:00:15"]

1. d4 Nf6 2. c4 e6 3. Nf3 d5 4. Nc3 Bb4 5. Qa4+ Nc6 6. a3 Bxc3+ 7. bxc3 O-O 8. Bg5 Bd7 9. Qc2 h6 10. Bh4 Qe7 11. e3 dxc4 12. Bxc4 e5 13. O-O exd4 14. cxd4 Bg4 15. Nd2 Rad8 16. Rfc1 Be6 17. Ne4 g5 18. Nxf6+ Qxf6 19. Bg3 Bxc4 20. Qxc4 Rd7 21. Rab1 Na5 22. Qb5 Nc6 23. Qxb7 Ne7 24. Qxa7 Nf5 25. Be5 Qe6 26. Rxc7 Rdd8 27. Qb6 Qa2 28. Rcc1 f6 29. Bc7 Rde8 30. Qb3+ Qxb3 31. Rxb3 Rc8 32. Rbc3 Ne7 33. Bd6 1-0


[Site "https://www.chess.com"]

[Event "Titled Tuesday Blitz April 4 Late 2023"]
[White "Santos Flores, Alberto"]
[Black "Gontcharov, Vladislav"]
[WhiteFideId "3601234"]
[BlackFideId "4123492"]
[WhiteElo "2235"]
[BlackElo "2420"]
[Result "1-0"]
[Round "11"]
[TimeControl "180+2"]
[Date "2023.04.04"]
[WhiteClock "0:00:31"]
[BlackClock "0:00:20"]

1. d4 Nf6 2. Bf4 c5 3. c3 Qb6 4. Qb3 Qxb3 5. axb3 cxd4 6. cxd4 Nc6 7. e3 d6 8. Nc3 Kd8 9. Nf3 Nb4 10. Kd2 Nfd5 11. Bg3 Bf5 12. Nh4 Bg6 13. Nxg6 hxg6 14. Bc4 e6 15. Bxd5 exd5 16. Ra4 Nc6 17. Nxd5 Be7 18. Rha1 a6 19. Rc4 Rh5 20. e4 Rb8 21. h3 Kd7 22. Rac1 Bd8 23. Kd3 Rxd5 24. exd5 Ne7 25. Bh4 f6 26. Ke4 g5 27. Bg3 f5+ 28. Kd3 f4 29. Bh2 Nxd5 30. Re1 Ba5 31. Ra1 Bd8 32. Ke4 Ne7 33. d5 g6 34. g4 fxg3 35. fxg3 Nf5 36. g4 Nh4 37. Rf1 Be7 38. Bg3 Ng2 39. Rf7 Nf4 40. Bxf4 gxf4 41. Kxf4 1-0


[Site "https://www.chess.com"]

[Event "Titled Tuesday Blitz April 4 Late 2023"]
[White "Jovic, Stanoje"]
[Black "Petrovic, Aleksa"]
[WhiteFideId "905020"]
[BlackFideId "967629"]
[WhiteElo "2236"]
[BlackElo "2309"]
[Result "1-0"]
[Round "11"]
[TimeControl "180+2"]
[Date "2023.04.04"]
[WhiteClock "0:01:16"]
[BlackClock "0:00:46"]

1. c4 Nf6 2. g3 e6 3. Bg2 d5 4. Nf3 Be7 5. O-O O-O 6. d4 b6 7. Ne5 Bb7 8. Nc3 c5 9. e3 cxd4 10. exd4 Na6 11. Qa4 Rc8 12. Bg5 Qd6 13. Bxf6 gxf6 14. Nb5 Qb8 15. Nd7 Qa8 16. Nxf8 Rxc4 17. Qd1 Bxf8 18. Qg4+ Kh8 19. Rac1 Rb4 20. Nc7 Qd8 21. Nxa6 Bxa6 22. Rfe1 f5 23. Qf4 Bg7 24. Qc7 Qxc7 25. Rxc7 Rxd4 26. Rxa7 Bc8 27. Rc1 Rc4 28. Rxc4 dxc4 29. Ra8 1-0


[Site "https://www.chess.com"]

[Event "Titled Tuesday Blitz April 4 Late 2023"]
[White "Goltseva, Ekaterina"]
[Black "micke12a"]
[WhiteFideId "24173770"]
[WhiteElo "2200"]
[BlackElo "2362"]
[Result "1-0"]
[Round "11"]
[TimeControl "180+2"]
[Date "2023.04.04"]
[WhiteClock "0:00:05"]
[BlackClock "0:00:56"]

1. e4 g6 2. d4 Bg7 3. Nc3 c6 4. Be3 d5 5. e5 h5 6. Qd2 Nh6 7. Nf3 Nf5 8. Bg5 Qa5 9. Be2 Nd7 10. h3 e6 11. O-O-O c5 12. Kb1 cxd4 13. Nb5 Qxd2 14. Rxd2 Kf8 15. Bf4 a6 16. Nbxd4 Nxd4 17. Rxd4 b5 18. Rdd1 Bb7 19. c4 bxc4 20. Bxc4 Nc5 21. Be2 Ne4 22. Be3 Kg8 23. Rc1 Rc8 24. Rxc8+ Bxc8 25. Rc1 Kh7 26. Bd3 Bh6 27. Bxe4 dxe4 28. Ng5+ Kg7 29. Rc7 Rf8 30. Nxe4 Bxe3 31. fxe3 a5 32. Nd6 Ba6 33. Ra7 Bd3+ 34. Kc1 Bf1 35. g3 Bxh3 36. Rxa5 g5 37. Ra4 Rb8 38. b3 Rb6 39. Ra7 h4 40. Rxf7+ Kg6 41. Rf6+ Kh5 42. gxh4 Kxh4 43. Ne4 Bf5 44. Rh6+ Kg4 45. Nf6+ Kf3 46. Kd2 g4 47. Nh5 Ra6 48. a4 Rb6 49. Kc3 Rc6+ 50. Kb4 g3 51. Nxg3 Kxg3 52. Kb5 Rc3 53. b4 Rxe3 54. a5 Rxe5+ 55. Kb6 Re4 56. b5 Rb4 57. a6 Bd3 58. Rh5 Kg4 59. Rc5 Kf4 60. a7 Ra4 61. Kb7 Be4+ 62. Kb8 e5 63. b6 Bg2 64. Rc2 Be4 65. Rb2 Bd5 66. b7 e4 67. a8=Q Ra7 68. Qxa7 e3 69. Qc5 e2 70. Rb4+ Be4 71. Rb1 Kf3 72. Re1 Bd3 73. Rxe2 Kxe2 74. Kc7 Be4 75. b8=Q 1-0


[Site "https://www.chess.com"]

[Event "Titled Tuesday Blitz April 4 Late 2023"]
[White "Kielinkei"]
[Black "Perske, Thore"]
[BlackFideId "12902195"]
[WhiteElo "2421"]
[BlackElo "2336"]
[Result "1-0"]
[Round "11"]
[TimeControl "180+2"]
[Date "2023.04.04"]
[WhiteClock "0:01:22"]
[BlackClock "0:02:40"]

1. c4 c6 2. Nc3 d5 3. e3 Nf6 4. Nf3 e6 5. b3 Bd6 6. Bb2 O-O 7. g4 Nxg4 8. Rg1 e5 9. cxd5 cxd5 10. Nxd5 Nf6 11. Nxf6+ Qxf6 12. Bd3 Bf5 13. Bxf5 Qxf5 14. d3 Nc6 15. Qe2 e4 16. Rxg7+ 1-0


[Site "https://www.chess.com"]